 Dungeon Crawl Stone Soup version 0.31-a0-667-g39726597b9 (webtiles) character file.

Game seed: 9391920321293728506

128 jlumianski the Sneak (level 4, 0/35 HPs)
             Began as a Demonspawn Delver on Sept 4, 2023.
             Slain by an iguana (3 damage)
             ... on level 3 of the Dungeon.
             The game lasted 00:11:23 (3089 turns).

jlumianski the Sneak (Demonspawn Delver)            Turns: 3089, Time: 00:11:24

Health: 0/35       AC:  9    Str: 14    XL:     4   Next: 86%
Magic:  4/4        EV:  5    Int: 11    God:
Gold:   234        SH:  8    Dex: 15    Spells: 3/3 levels left

rFire   . . .        a - +0 hand axe
rCold   . . .        l - +0 kite shield
rNeg    . . .        h - +0 chain mail
rPois   .            r - +0 helmet
rElec   .            (no cloak)
rCorr   .            (no gloves)
SInv    .            (no boots)
Will    .....        (no amulet) Stlth
                     (no ring)
HPRegen 0.25/turn    (no ring)
MPRegen 0.18/turn

%: no passive effects
@: attractive
A: powered by death 1, magic regeneration
a: no special abilities


You were on level 3 of the Dungeon.
You visited 1 branch of the dungeon, and saw 5 of its levels.

You collected 234 gold pieces.

Inventory:

Hand Weapons
 a - a +0 hand axe (weapon)
Missiles
 i - 17 stones (quivered)
Armour
 b - a +0 leather armour
 h - a +0 chain mail (worn)
 j - a +0 scale mail of cold resistance
 l - a +0 kite shield (worn)
 r - a +0 helmet (worn)
Talismans
 o - a flux talisman
Wands
 g - a wand of digging (3)
 p - a wand of acid (6)
Scrolls
 c - 2 scrolls of fog
 d - 2 scrolls of enchant armour {unknown}
 k - 2 scrolls of poison {unknown}
 n - 2 scrolls of identify {unknown}
 s - a scroll of teleportation {unknown}
Potions
 f - 2 potions of curing
 m - a potion of brilliance {unknown}
 q - a potion of attraction


   Skills:
 + Level 3.3 Fighting
 + Level 3.0 Axes
 + Level 1.5 Armour
 + Level 1.9 Dodging
 + Level 5.0 Stealth
 + Level 1.3 Shields


You had 3 spell levels left.
You didn't know any spells.
Your spell library contained the following spells:

 Spells                   Type           Power      Damage    Failure   Level
 Sandblast                Erth           0%         2d4       100%        1
 Passwall                 Tmut/Erth      0%         N/A       100%        2
 Stone Arrow              Conj/Erth      0%         3d7       100%        3


Dungeon Overview and Level Annotations

Branches:
Dungeon (5/15)
 Temple: D:4-7

Altars:

Shops:
D:3 =

Annotations:
D:3 1 runed translucent door, Crazy Yiuf
D:4 Menkaure


Innate Abilities, Weirdness & Mutations

You regenerate a little health from kills.
You regenerate magic rapidly.


Message History

The iguana bites you.
You barely miss the iguana.
The iguana is lightly wounded.
You hit the orc but do no damage. You block the orc's attack.
The iguana closely misses you.
It was a potion of attraction.
You feel attractive to monsters. The orc hits you with a +0 falchion.
You block the iguana's attack.
You hit the iguana but do no damage.
The iguana is lightly wounded.
You hit the orc but do no damage. You block the orc's attack.
The iguana bites you but does no damage.
The orc barely misses you.
You barely miss the iguana.
The iguana is lightly wounded.
You barely miss the orc. The iguana bites you.
The orc hits you but does no damage. The iguana bites you.
You closely miss the iguana.
The iguana is lightly wounded.
You hit the orc but do no damage. You block the orc's attack.
You block the iguana's attack.
Okay, then.
You closely miss the iguana.
The iguana is lightly wounded.
You hit the orc but do no damage. The orc hits you but does no damage.
The iguana bites you.
* * * LOW HITPOINT WARNING * * *
The orc hits you but does no damage. You block the iguana's attack.
As you read the scroll of fear, it crumbles to dust.
You assume a fearsome visage.
The iguana looks frightened!
The orc looks frightened!
The orc is attracted toward you.
You hit the orc but do no damage.
Your attack snaps the orc out of its fear.
The orc is moderately wounded.
You hit the iguana but do no damage.
Your attack snaps the iguana out of its fear.
The orc hits you with a +0 falchion.
* * * LOW HITPOINT WARNING * * *
The iguana bites you.
You die...

######### #.......# #####
#.......# #...#
#.......##♣♣♣♣
#...########........#..♣.
#.......)l..#.####....♣.♣
#.......@.....###......♣♣
##.....o............#.♣♣
#....§.....#.#######♣♣
#######.##...#####
#.##.#.....# #[##.#.###.#
#.##.#.#.#.# #.##.#...#.#
#.##.###.#.# #


You could see an iguana and an orc.

Vanquished Creatures
  Jessica (D:2)
  Robin (D:3)
  A worm (D:2)
  4 dart slugs
  3 orcs (D:3)
  5 bats
  7 endoplasms
  A giant cockroach (D:2)
  18 goblins
  7 hobgoblins
  7 jackals
  4 kobolds
  2 quokkas (D:1)
  2 ball pythons
  A frilled lizard (D:2)
  5 rats
69 creatures vanquished.

Notes
Turn   | Place    | Note
-------+----------+-------------------------------------------
     0 | D:5      | jlumianski the Demonspawn Delver began the quest for the
                  | Orb.
     0 | D:5      | Reached XP level 1. HP: 18/18 MP: 1/1
    33 | D:4      | Noticed a hound
    34 | D:4      | Noticed an iguana
   102 | D:3      | Found Yrurimem's Jewellery Shop.
   149 | D:4      | Noticed Menkaure
   209 | D:2      | Gained mutation: You regenerate magic rapidly. [demonic
                  | ancestry]
   209 | D:2      | Reached XP level 2. HP: 17/24 MP: 2/2
   407 | D:2      | Reached skill level 5 in Stealth
   720 | D:1      | Gained mutation: You regenerate a little health from kills.
                  | [demonic ancestry]
   720 | D:1      | Reached XP level 3. HP: 29/29 MP: 3/3
  1186 | D:1      | Found a faded altar of an unknown god.
  1458 | D:1      | Reached skill level 1 in Armour
  1743 | D:2      | Noticed Jessica
  1748 | D:2      | Killed Jessica
  1749 | D:2      | Reached XP level 4. HP: 34/35 MP: 4/4
  2336 | D:3      | Reached skill level 1 in Shields
  2336 | D:3      | Noticed Robin
  2346 | D:3      | Killed Robin
  2632 | D:3      | Found a runed translucent door.
  2633 | D:3      | Noticed Crazy Yiuf
  3089 | D:3      | Slain by an iguana

Illustrated notes

Levels and vault maps discovered:
D:1:      roderic_crop_circles_arrival_small, layout_basic,
          dreamdust_ecumenical_altar_grove, minmay_misc_feat_plants
D:2:      layout_loops_ring, uniq_jessica
D:3:      layout_basic, serial_shops, shop, uniq_crazy_yiuf_cottage, uniq_robin
D:4:      layout_cave_pools, old_standard_altar, uniq_pikel, uniq_menkaure,
          uniq_grinder
D:5:      layout_basic, serial_shops, shop, kennysheep_nub,
          kennysheep_generic_room_2, uniq_eustachio, uniq_blork_the_orc,
          uniq_sigmund

Skill      XL: |  1  2  3  4 |
---------------+-------------+-----
Axes           | 2 3 |  3.0
Stealth        | 5 |  5.0
Armour         | 1 |  1.5
Shields        | 1 |  1.3
Fighting       | |  3.3
Dodging        | |  1.9

Action                     |  1- 3 |  4- 6 || total
---------------------------+-------+-------++-------
  Melee: Hand axe          |   208 |    88 ||   296
    Use: Scroll            |     1 |     1 ||     2
         Potion            |     2 |     1 ||     3
 Armour: Chain mail        |   138 |    75 ||   213
  Dodge: Dodged            |    33 |    22 ||    55
  Block: Kite shield       |    73 |    47 ||   120

Table legend: (Time is in decaauts)
 A = Elapsed time spent in this place.
 B = Non-inter-level travel time spent in this place.
 C = Inter-level travel time spent in this place.
 D = Time resting spent in this place.
 E = Time spent auto-exploring this place.
 F = Levels seen in this place.
 G = Mean time per level.
                   A        B        C        D        E       F      G
               +--------+--------+--------+--------+--------+-----+--------+
         Total |   3194 |   3052 |    142 |    128 |   1531 |   5 |  638.8 |
       Dungeon |   3194 |   3052 |    142 |    128 |   1531 |   5 |  638.8 |
               +--------+--------+--------+--------+--------+-----+--------+

Top non-repeatable levels by time:
     D:1: 1214 daAuts
     D:3: 1084 daAuts
     D:2: 840 daAuts
     D:4: 35 daAuts
     D:5: 19 daAuts
